 Dungeon Crawl Stone Soup version 0.31-a0-145-g046c7d2549 (webtiles) character file.

Game seed: 6576613475700912902

1037 qw the Skirmisher (level 8, -9/69 HPs)
             Began as a Minotaur Hunter on June 7, 2023.
             Was an Initiate of Okawaru.
             Killed by divine providence
             ... invoked by an orc priest
              (10 damage)
             ... on level 6 of the Dungeon.
             The game lasted 00:01:45 (4690 turns).

qw the Skirmisher (Minotaur Hunter)                 Turns: 4690, Time: 00:01:45

Health: -9/69      AC:  9    Str: 21    XL:     8   Next: 4%
Magic:  6/7        EV: 12    Int:  6    God:    Okawaru [......]
Gold:   301        SH:  5    Dex: 17    Spells: 7/7 levels left

rFire   . . .        Y - +3 shortbow
rCold   . . .        (shield currently unavailable)
rNeg    . . .        k - +0 ring mail
rPois   .            (helmet restricted)
rElec   .            (no cloak)
rCorr   .            (no gloves)
SInv    .            (no boots)
Will    .....        b - amulet of reflection
Stlth   +            d - +4 ring of protection
HPRegen 0.31/turn    l - +6 ring of strength
MPRegen 0.10/turn

%: reflection
@: about to teleport
A: horns 2, retaliatory headbutt
a: Renounce Religion


You were on level 6 of the Dungeon.
You worshipped Okawaru.
Okawaru was noncommittal.
You visited 2 branches of the dungeon, and saw 7 of its levels.
You also visited: Sewer.

You collected 411 gold pieces.
You spent 110 gold pieces at shops.


Innate Abilities, Weirdness & Mutations

You have a pair of horns on your head.
You reflexively headbutt those who attack you in melee.


   Skills:
 + Level 5.6 Fighting
 - Level 9.2 Ranged Weapons
 - Level 2.9 Armour
 - Level 3.2 Dodging
 - Level 0.7 Stealth
 - Level 1.1 Invocations


You had 7 spell levels left.
You didn't know any spells.
Your spell library was empty.

Inventory:

Hand Weapons
 Y - a +3 shortbow (weapon)
Armour
 k - a +0 ring mail (worn)
Jewellery
 b - an amulet of reflection (around neck)
 d - a +4 ring of protection (left hand)
 l - a +6 ring of strength (right hand)
Scrolls
 a - 5 scrolls of identify
 e - 2 scrolls of teleportation
Potions
 f - a potion of mutation
 g - 2 potions of curing

Dungeon Overview and Level Annotations

Branches:
Dungeon (6/15)             Temple (1/1) D:4           Sewer (visited)

Altars:
Ashenzari
Cheibriados
Elyvilon
Fedhas
Gozag
Hepliaklqana
Kikubaaqudgha
Okawaru
Qazlal
Sif Muna
Trog
Uskayaw
Vehumet
Xom
Yredelemnul
Zin
The Shining One

Shops:
D:2 ?   D:4 [

Annotations:
D:4 1 runed translucent door, qw's ghost, amateur GrFi
D:6 2 transporters, qw's ghost, novice GrFi


Message History

You furiously retaliate!
You headbutt the phantom. You shoot an arrow.
The arrow hits the orc warrior but does no damage.
The orc warrior is severely wounded.
The hound bites you but does no damage. The orc warrior closely misses you.
You furiously retaliate!
You headbutt the orc warrior.
The phantom hits you but does no damage.
You block the hound's attack.
You shoot an arrow.
The arrow hits the orc warrior but does no damage.
The orc warrior is severely wounded.
The hound bites you but does no damage.
The orc warrior hits you with a +0 dire flail!
An orc comes into view. It is wielding a +0 flail.
The phantom barely misses you.
You shoot an arrow. The orc shouts!
The arrow hits the orc warrior.
The orc warrior is almost dead.
The hound closely misses you.
The orc warrior hits you with a +0 dire flail!
The orc priest calls upon Beogh to heal the orc warrior.
The orc warrior is healed somewhat.
The phantom hits you. The hound bites you but does no damage.
You shoot an arrow.
The arrow closely misses the orc warrior.
The arrow hits the orc priest.
The orc priest is lightly wounded.
The hound closely misses you.
The orc warrior hits you with a +0 dire flail!
The orc priest miscasts a cantrip.
The phantom hits you but does no damage.
4690 ||| READING 3 scrolls of teleportation.
As you read the scroll of teleportation, it crumbles to dust.
You feel strangely unstable. The hound bites you.
The orc warrior hits you with a +0 dire flail!
The orc priest mumbles some strange prayers to Beogh against you.
Beogh smites you!
You die...

.. #.....).. ...##..
##......# .........#
###..... ....# ...
###..... #o.#
#.####.......
#..###..#.........
#...#...#..##...#.
#h.......#......%.
#@##.....#........
).##.##oW...............
.oo...oo..........#.##..
.##....##........>......
#..... #.............##
.....## ##.............#
..#.. ##............. .
## .?......[.....
###..........#


You could see an orc warrior, a phantom, a hound, 2 orc priests and an orc.

Vanquished Creatures
  A sky beast (D:6)
  An ogre (D:4)
  2 bullfrogs (Sewer)
  A scorpion (D:4)
  An orc priest (D:5)
  4 hounds
  4 iguanas
  3 orc wizards
  A sleepcap (D:3)
  Natasha (D:3)
  16 adders
  2 river rats (D:3)
  A white imp (D:5)
  An ufetubus (D:3)
  3 worms
  A dart slug (D:2)
  10 orcs
  7 endoplasms
  10 giant cockroaches
  9 goblins
  8 hobgoblins
  7 quokkas
  10 ball pythons
  9 frilled lizards
  7 kobolds
  3 rats
123 creatures vanquished.

Notes
Turn   | Place    | Note
-------+----------+-------------------------------------------
     0 | D:1      | qw the Minotaur Hunter began the quest for the Orb.
     0 | D:1      | Reached XP level 1. HP: 18/18 MP: 0/0
     0 | D:1      | 0 ||| qw: Version: 0.2-a-117-gc6b5c8b
     0 | D:1      | 0 ||| qw: Game counter: 2513
     0 | D:1      | 0 ||| qw: Always use a shield: true
     0 | D:1      | 0 ||| qw: God list: Okawaru
     0 | D:1      | 0 ||| qw: Allow faded altars: false
     0 | D:1      | 0 ||| qw: Do Orc after D:15 true
     0 | D:1      | 0 ||| qw: Do second Lair branch before Depths: true
     0 | D:1      | 0 ||| qw: Lair rune preference: random
     0 | D:1      | 0 ||| qw: Plans: Normal
     0 | D:1      | 0 ||| PLANNING D:1-11
     3 | D:1      | Noticed an electric eel
     4 | D:1      | Noticed an electric eel
   158 | D:1      | Found a faded altar of an unknown god.
   244 | D:1      | Reached XP level 2. HP: 25/25 MP: 1/1
   304 | D:1      | Reached skill level 5 in Ranged Weapons
   696 | D:1      | 696 ||| UPGRADING to +4 ring of protection.
   697 | D:1      | 697 ||| READING scroll labelled QAOTODESHRA.
   698 | D:1      | 698 ||| DROPPING scroll of butterflies.
   760 | D:2      | Found a glowing golden altar of the Shining One.
   818 | D:2      | Reached skill level 3 in Fighting
   847 | D:2      | Reached XP level 3. HP: 31/31 MP: 2/2
   909 | D:2      | Found Qeubakat's Magic Scroll Shoppe.
   913 | D:2      | 913 ||| BUYING scroll of identify (20 gold).
   913 | D:2      | Bought a scroll of identify for 20 gold pieces
   913 | D:2      | 913 ||| BUYING scroll of identify (20 gold).
   913 | D:2      | Bought a scroll of identify for 20 gold pieces
   913 | D:2      | 913 ||| BUYING scroll of identify (20 gold).
   913 | D:2      | Bought a scroll of identify for 20 gold pieces
   913 | D:2      | 913 ||| BUYING scroll of identify (20 gold).
   913 | D:2      | Bought a scroll of identify for 20 gold pieces
   913 | D:2      | 913 ||| BUYING scroll of teleportation (30 gold).
   913 | D:2      | Bought a scroll of teleportation for 30 gold pieces
   913 | D:2      | 913 ||| SHOPLISTING scroll of teleportation (30 gold, have
                  | 21).
  1012 | D:2      | Reached XP level 4. HP: 38/38 MP: 3/3
  1033 | D:2      | Reached skill level 6 in Ranged Weapons
  1229 | D:2      | 1229 ||| FLEEEEING.
  1230 | D:2      | 1230 ||| STAIRDANCE
  1243 | D:1      | 1243 ||| UPGRADING to +0 ring mail.
  1253 | D:1      | 1253 ||| DROPPING +0 leather armour.
  1254 | D:1      | 1254 ||| UPGRADING to +6 ring of strength.
  1255 | D:1      | 1255 ||| READING scroll labelled OBUARY FOLONOO.
  1256 | D:1      | 1256 ||| READING scroll labelled NYUB BOESAOTS.
  1257 | D:1      | 1257 ||| READING scroll labelled LAWIZXOGUNT.
  1258 | D:1      | 1258 ||| READING 8 scrolls of identify.
  1258 | D:1      | 1258 ||| IDENTIFYING amethyst potion
  1259 | D:1      | 1259 ||| READING 7 scrolls of identify.
  1259 | D:1      | 1259 ||| IDENTIFYING metallic puce potion
  1260 | D:1      | 1260 ||| READING 6 scrolls of identify.
  1260 | D:1      | 1260 ||| IDENTIFYING coppery potion
  1261 | D:1      | 1261 ||| DROPPING potion of brilliance.
  1262 | D:1      | 1262 ||| DROPPING potion of enlightenment.
  1350 | D:3      | 1350 ||| PLANNING SEWER
  1351 | D:3      | You fall into a shaft and drop 1 floor!
  1383 | D:4      | Found Semm's Antique Armour Boutique.
  1388 | D:4      | 1388 ||| READING scroll of enchant weapon.
  1388 | D:4      | 1388 ||| ENCHANTING +1 shortbow.
  1403 | D:4      | 1403 ||| SHOPLISTING pair of runed boots (172 gold, have
                  | 52).
  1436 | D:4      | Noticed a scorpion
  1445 | D:4      | Killed a scorpion
  1446 | D:4      | Reached XP level 5. HP: 19/45 MP: 4/4
  1568 | D:4      | Found a runed translucent door.
  1613 | D:4      | Noticed an ogre
  1618 | D:4      | Killed an ogre
  1648 | D:4      | 1648 ||| READING 5 scrolls of identify.
  1648 | D:4      | 1648 ||| IDENTIFYING fizzy puce potion
  1649 | D:4      | 1649 ||| DROPPING potion of invisibility.
  1737 | D:3      | Found a glowing drain.
  1739 | D:3      | 1739 ||| READING scroll labelled UJEICULAPH.
  1740 | D:3      | 1740 ||| Stepping randomly (stuck).
  1741 | D:3      | 1741 ||| Stepping ~*~*~tactically~*~*~ (cloud).
  1857 | Sewer    | Entered a sewer
  1877 | Sewer    | Reached XP level 6. HP: 55/55 MP: 5/5
  1886 | Sewer    | 1886 ||| Stepping ~*~*~tactically~*~*~ (water).
  2060 | Sewer    | Reached skill level 7 in Ranged Weapons
  2133 | Sewer    | 2133 ||| READING scroll of enchant weapon.
  2133 | Sewer    | 2133 ||| ENCHANTING +2 shortbow.
  2325 | Sewer    | 2325 ||| READING 4 scrolls of identify.
  2325 | Sewer    | 2325 ||| IDENTIFYING pink potion
  2326 | Sewer    | 2326 ||| DROPPING potion of lignification.
  2346 | D:3      | 2346 ||| PLANNING D:1-11
  2630 | D:3      | Noticed Natasha
  2637 | D:3      | Killed Natasha
  2638 | D:3      | 2638 ||| FLEEEEING.
  2639 | D:3      | 2639 ||| FLEEEEING.
  2640 | D:3      | 2640 ||| FLEEEEING.
  2920 | D:3      | 2920 ||| READING scroll labelled BARAQIWYAFF.
  2921 | D:3      | 2921 ||| READING scroll labelled KOPOQO WEL XEY.
  3010 | D:3      | 3010 ||| READING scroll labelled WIMMAC XOULUY.
  3011 | D:3      | 3011 ||| READING scroll labelled ASMEVUFOVA.
  3037 | D:4      | 3037 ||| STAIRDANCE
  3124 | D:4      | Reached XP level 7. HP: 60/60 MP: 6/6
  3271 | D:4      | Reached skill level 8 in Ranged Weapons
  3376 | D:4      | Found a staircase to the Ecumenical Temple.
  3377 | D:4      | 3377 ||| PLANNING TEMPLE
  3377 | D:4      | 3377 ||| DROPPING scarf of harm.
  3378 | D:4      | 3378 ||| DROPPING ring of wizardry.
  3391 | Temple   | Entered the Ecumenical Temple
  3428 | Temple   | 3428 ||| PLANNING D:1-11
  3490 | D:4      | Noticed qw's ghost (amateur GrFi)
  3560 | D:4      | Found a glowing silver altar of Zin.
  3569 | D:4      | Found an iron altar of Okawaru.
  3570 | D:4      | 3570 ||| PLANNING OKAWARU WORSHIP
  3570 | D:4      | 3570 ||| UPGRADING to amulet of reflection.
  3582 | D:4      | Became a worshipper of Warmaster Okawaru
  3582 | D:4      | 3582 ||| PLANNING D:1-11
  3680 | D:5      | Entered Level 5 of the Dungeon
  3785 | D:5      | Reached skill level 3 in Dodging
  3905 | D:5      | 3905 ||| FLEEEEING.
  4533 | D:6      | Reached * piety under Okawaru
  4534 | D:6      | Reached skill level 9 in Ranged Weapons
  4539 | D:6      | Found a transporter.
  4542 | D:6      | Noticed qw's ghost (novice GrFi)
  4543 | D:6      | Found a transporter.
  4670 | D:6      | Reached skill level 1 in Invocations
  4670 | D:6      | Reached XP level 8. HP: 69/69 MP: 7/7
  4671 | D:6      | 4671 ||| INVOKING Heroism.
  4675 | D:6      | 4675 ||| Stepping ~*~*~tactically~*~*~ (outnumbered).
  4676 | D:6      | 4676 ||| Stepping ~*~*~tactically~*~*~ (outnumbered).
  4689 | D:6      | HP: 14/69 [orc warrior/+0 dire flail (13)]
  4690 | D:6      | 4690 ||| READING 3 scrolls of teleportation.
  4690 | D:6      | HP: 1/69 [orc warrior/+0 dire flail (9)]
  4690 | D:6      | Killed from afar by an orc priest

Levels and vault maps discovered:
D:1:      arrival_aquarium_b, layout_basic,
          shapermc_ecumenical_altar_starsandcircs
D:2:      layout_basic, serial_shops, shop, basic_altar,
          kennysheep_generic_room_9
D:3:      layout_loops_ring, portal_sewer_entry_a, uniq_natasha
D:4:      kennysheep_big_flooded_room, layout_basic, minitemple,
          minmay_temple_entry_trees, serial_shops, nicolae_shop_trees,
          hellmonk_ghost_happy_afterlife
D:5:      layout_cave_pods, nicolae_elevator_lobby_asterisk
D:6:      layout_cave_pools, mainiacjoe_overflow_surrounded_room,
          gammafunk_ghost_arena
Temple:   nicolae_temple_ecumenical_triangle

Skill      XL: |  1  2  3  4  5  6  7 |
---------------+----------------------+-----
Ranged Weapons | 5 6 7 9 |  9.2
Fighting       | 3 4 5 |  5.6
Armour         | 2 |  2.9
Dodging        | 3 |  3.2
Invocations    | 1 |  1.1
Stealth        | |  0.7

Action                     |  1- 3 |  4- 6 |  7- 9 || total
---------------------------+-------+-------+-------++-------
   Fire: Shortbow          |    83 |   159 |   131 ||   373
 Invoke: Heroism           |       |       |     1 ||     1
    Use: Scroll            |     1 |    15 |     1 ||    17
 Armour: Leather armour    |    11 |     2 |       ||    13
         Ring mail         |       |    25 |    27 ||    52
  Dodge: Dodged            |    10 |    37 |    34 ||    81
  Block: Other             |       |       |     8 ||     8

Table legend:
 A = Non-vault XP
 B = Vault XP
 C = Vault XP percentage of total XP
 D = Non-vault monster count
 E = Vault monster count
 F = Vault count percentage of total count
                 A         B        C        D         E       F
            +---------+---------+-------+---------+---------+-------
      Total |    1120 |     362 |  24.4 |      86 |      37 |  30.1
            +---------+---------+-------+---------+---------+-------
        D:1 |      27 |       0 |   0.0 |      15 |       0 |   0.0
        D:2 |      91 |       4 |   4.2 |      16 |       2 |  11.1
        D:3 |      98 |      67 |  40.6 |      18 |       5 |  21.7
        D:4 |     270 |      58 |  17.7 |      10 |       2 |  16.7
        D:5 |     357 |       0 |   0.0 |      18 |       0 |   0.0
        D:6 |     277 |       0 |   0.0 |       9 |       0 |   0.0
      Sewer |       0 |     233 | 100.0 |       0 |      28 | 100.0
            +---------+---------+-------+---------+---------+-------
